 Dungeon Crawl Stone Soup version 0.17.0-28-g6e173f8 (webtiles) character file.

23 gorblad the Skirmisher (level 2, -4/28 HPs)
             Began as a Draconian Chaos Knight on Nov 30, 2015.
             Slain by Sigmund
             ... wielding a +0 scythe
              (12 damage)
             ... on level 2 of the Dungeon.
             The game lasted 00:03:19 (1151 turns).

gorblad the Skirmisher (Draconian Chaos Knight)     Turns: 1151, Time: 00:03:19

Health: -4/28      AC:  4    Str: 14    XL:     2   Next: 72%
Magic:  2/2        EV: 12    Int: 12    God:    Xom [..*...]
Gold:   84         SH:  0    Dex: 10    Spells: 0 memorised, 1 level left

rFire  . . .     SeeInvis .     a - +0 spear (chaos)
rCold  . . .     Clarity  .     (armour unavailable)
rNeg   . . .     SustAt   .     (no shield)
rPois  .         Gourm    .     (helmet restricted)
rElec  .         Spirit   .     (no cloak)
rCorr  .         Warding  .     (no gloves)
rMut   .         Stasis   .     (no boots)
MR     .....                    (no amulet)
Stlth  +.........               (no ring)
                                (no ring)

@: confused, not resistant to hostile enchantments, very unstealthy
A: unfitting armour, cold-blooded, AC +4
a: Renounce Religion


You were on level 2 of the Dungeon.
You worshipped Xom.
You were a toy of Xom.
You were not hungry.

You visited 1 branch of the dungeon, and saw 2 of its levels.

You collected 84 gold pieces.

Inventory:

Hand Weapons
 a - a +0 spear of chaos (weapon)
Scrolls
 d - 2 scrolls of enchant weapon {unknown}
 e - 2 scrolls of fear {unknown}
 i - a scroll of teleportation {unknown}
Potions
 c - a potion of curing
 g - a potion of invisibility {unknown}
 h - a potion of brilliance {unknown}
Books
 j - a book of Debilitation

   Spells                             Type                      Level
   a - Corona                         Hexes                        1
   b - Slow                           Hexes                        2
   c - Gell's Gravitas                Hexes/Translocation          3
   d - Inner Flame                    Hexes/Fire                   3
   e - Cause Fear                     Hexes                        4
   f - Leda's Liquefaction            Hexes/Earth                  4
Comestibles
 b - a bread ration


   Skills:
 + Level 4.4 Fighting
 - Level 3.0 Polearms
 - Level 2.1 Dodging


You had one spell level left.
You didn't know any spells.

Dungeon Overview and Level Annotations

Branches:
Dungeon (2/15)

Altars:
Nemelex Xobeh
Ru
Xom

Annotations:
D:2 Sigmund


Innate Abilities, Weirdness & Mutations

Your plain brown scales are hard (AC +4).
Your body does not fit into most forms of armour.
You are cold-blooded and may be slowed by cold attacks.


Message History

Sigmund is lightly wounded.
Sigmund barely misses you.
You strike the helpless Sigmund from behind!
You hit Sigmund.
Sigmund flickers and vanishes!
Deactivating autopickup; reactivate with Ctrl-A.
You barely miss something.
Your tail-slap misses something.
You barely miss something. You hit something but do no damage.
You hit something but do no damage.
Your tail-slap misses something.
You hit something. You tail-slap something.
Something hits you but does no damage.
You hit something. You hit something. Something hits you!
* * * LOW HITPOINT WARNING * * *
You closely miss something. You closely miss something.
You hear some strange, mumbled words.
You are confused.
You bump into the rock wall.
Something hits you!
You die...

#.# #.# # #####.##
#......#########
#.####.......... #.#
#.......... #.#
##.........
#{################
#@##.## ##.......
#####.#...####........
#........(...'.<......
#.###.#.....##........
#.# #.#.....###.......
#)# #.......# ##.....#
#.# ###..._.# ##...##
#.#####.....# ##'##
#.........##########


There were no monsters in sight!

Vanquished Creatures
  2 bats (D:1)
  A giant cockroach (D:1)
  7 hobgoblins
  2 kobolds (D:1)
  5 goblins (D:1)
  A rat (D:2)
  A fungus (D:2)
  7 plants (D:2)
26 creatures vanquished.

Notes
Turn   | Place    | Note
--------------------------------------------------------------
     0 | D:1      | gorblad the Draconian Chaos Knight began the quest for the Orb.
     0 | D:1      | Reached XP level 1. HP: 19/19 MP: 1/1
    80 | D:1      | XOM: harmless Chrm miscast
    95 | D:1      | XOM: colour smoke trail
   110 | D:1      | XOM: divination: magic mapping
   148 | D:1      | XOM: harmless Trmt miscast
   172 | D:1      | Reached XP level 2. HP: 20/27 MP: 2/2
   198 | D:1      | Reached skill level 4 in Fighting
   488 | D:1      | XOM: confuse monster(s)
   686 | D:2      | Found a shimmering altar of Xom.
   745 | D:2      | Found a sparkling altar of Nemelex Xobeh.
   769 | D:2      | Found a sacrificial altar of Ru.
   883 | D:2      | XOM: harmless Necr miscast
  1102 | D:2      | Noticed Sigmund
  1104 | D:2      | XOM: enchant monster (good)
  1139 | D:2      | XOM: confuse monster(s)
  1151 | D:2      | Slain by Sigmund

Action                   || total
-------------------------++-------
Melee: Spear             ||   349
  Use: Potion            ||     1
 Stab: Confused          ||     1
  Eat: Bread ration      ||     1
